3AAA
HIALEAH DODOS @ CORPUS CHRISTI TWINS
08/07/2018
 
TOP OF THE 1ST
Hialeah Dodos batting - Pitching for Corpus Christi Twins : RHP Jorge Castillo
Pitching: RHP Jorge Castillo
Batting: RHB Kelly Flint 0-0: Ball
1-0: Foul Ball, location: 2F
1-1: Ball
2-1: Ball
3-1: Foul Ball, location: 2F
3-2: Base on Balls
Batting: RHB Peter Baker 0-0: Foul Ball, location: 2F
0-1: Ball
1-1: Ball
2-1: Swinging Strike
2-2: Reached on error, E6 (Groundball, 6)
Kelly Flint to second
Batting: LHB Motoshige Kitamura 0-0: Foul Ball, location: 2F
0-1: Ball
1-1: Called Strike
1-2: Foul Ball, location: 2F
1-2: TRIPLE (Line Drive, 8RXD)
Kelly Flint scores
Peter Baker scores
Batting: RHB Joe Andrews 0-0: Ball
1-0: Called Strike
1-1: Ground out 6-3 (Groundball, 6M)
Motoshige Kitamura scores
Batting: LHB Bill Griffin 0-0: Ball
1-0: Ball
2-0: Called Strike
2-1: Foul Ball, location: 2F
2-2: Ball
3-2: Foul Ball, location: 2F
3-2: Base on Balls
Batting: RHB Mitch Jensen 0-0: Called Strike
0-1: Ball
1-1: Foul Ball, location: 2F
1-2: Strikes out swinging
Batting: RHB Luis Trujillo 0-0: Called Strike
0-1: Ball
1-1: Ball
2-1: Foul Ball, location: 2F
2-2: Ball
3-2: Base on Balls
Bill Griffin to second
Batting: RHB Ji-chol Yang 0-0: Called Strike
0-1: Swinging Strike
0-2: Ball
1-2: Fly out, F7 (Flyball, 7S)
Top of the 1st over - 3 run(s), 1 hit(s), 1 error(s), 2 left on base; Hialeah 3 - Corpus Christi 0
BOTTOM OF THE 1ST
Corpus Christi Twins batting - Pitching for Hialeah Dodos : RHP Ramón Vázquez
Pitching: RHP Ramón Vázquez
Batting: RHB Daniel Cooper 0-0: Ball
1-0: TRIPLE (Line Drive, 78D)
Batting: RHB Denis Taylor 0-0: Fly out, F9 (Flyball, 9LM)
Runner from 3rd tags up, SCORES, no throw
Batting: RHB Gonzalo Núńez 0-0: Ball
1-0: Foul Ball, location: 2F
1-1: Swinging Strike
1-2: Ground out 1-3 (Groundball, 15)
Batting: LHB Juan Durán 0-0: Ball
1-0: SINGLE (Line Drive, 34D)
Batting: RHB Júlio Santos 0-0: Called Strike
0-1: Foul Ball, location: 2F
0-2: Foul Ball, location: 2F
0-2: Ball
1-2: Fielders Choice at 2nd, U4 (Groundball, 4M)
Bottom of the 1st over - 1 run(s), 2 hit(s), 0 error(s), 1 left on base; Hialeah 3 - Corpus Christi 1
TOP OF THE 2ND
Hialeah Dodos batting - Pitching for Corpus Christi Twins : RHP Jorge Castillo
Batting: RHB Reece White 0-0: Fly out, F7 (Flyball, 78M)
Batting: RHB Kelly Flint 0-0: Ball
1-0: Ball
2-0: Ball
3-0: Base on Balls
Batting: RHB Peter Baker 0-0: Foul Ball, location: 2F
0-1: Ball
1-1: Ball
2-1: Swinging Strike
2-2: Ball
3-2: Foul Ball, location: 2F
3-2: Base on Balls
Kelly Flint to second
Batting: LHB Motoshige Kitamura 0-0: Ball
1-0: SINGLE (Line Drive, 4D)
Kelly Flint to third
Peter Baker to second
Batting: RHB Joe Andrews 0-0: Ball
1-0: Ball
2-0: Swinging Strike
2-1: Foul Ball, location: 2F
2-2: Strikes out swinging
Batting: LHB Bill Griffin 0-0: Ball
1-0: GRAND SLAM HOME RUN (Flyball, 89XD), Distance : 417 ft
Pitching: RHP Benjamin Booth
Batting: RHB Mitch Jensen 0-0: Called Strike
0-1: Ball
1-1: Ball
2-1: Ball
3-1: Swinging Strike
3-2: Foul Ball, location: 2F
3-2: Base on Balls
Batting: RHB Luis Trujillo 0-0: Ball
1-0: Ball
2-0: Called Strike
2-1: Fly out, F8 (Flyball, 78D)
Top of the 2nd over - 4 run(s), 2 hit(s), 0 error(s), 1 left on base; Hialeah 7 - Corpus Christi 1
BOTTOM OF THE 2ND
Corpus Christi Twins batting - Pitching for Hialeah Dodos : RHP Ramón Vázquez
Batting: LHB Michael Smith 0-0: Called Strike
0-1: Ball
1-1: Ball
2-1: Swinging Strike
2-2: SINGLE (Groundball, 34S)
Batting: LHB Don Sullivan 0-0: Reached on Error, E9 (Line Drive, 9M)
Michael Smith to third
Batting: RHB Bill McCarty 0-0: Ball
1-0: Called Strike
1-1: Swinging Strike
1-2: Strikes out swinging
Batting: LHB Curtis Peters 0-0: Ball
1-0: Called Strike
1-1: Ball
2-1: Swinging Strike
2-2: Ball
3-2: Fly out, F7 (Flyball, 7LM)
Runner from 3rd tags up, SCORES, throw made
Batting: RHB Daniel Cooper 0-0: Ground out 5-3 (Groundball, 5)
Bottom of the 2nd over - 1 run(s), 1 hit(s), 1 error(s), 1 left on base; Hialeah 7 - Corpus Christi 2
TOP OF THE 3RD
Hialeah Dodos batting - Pitching for Corpus Christi Twins : RHP Benjamin Booth
Batting: RHB Ji-chol Yang 0-0: Foul Ball, location: 2F
0-1: DOUBLE (Line Drive, 9LM)
Batting: RHB Reece White 0-0: Foul Ball, location: 2F
0-1: Ball
1-1: Foul Ball, location: 2F
1-2: Ball
2-2: Ground out 1-3 (Groundball, 13)
Ji-chol Yang to third
Batting: RHB Kelly Flint 0-0: Ball
1-0: Ball
2-0: Called Strike
2-1: Ball
3-1: Foul Ball, location: 2F
3-2: Strikes out swinging
Batting: RHB Peter Baker 0-0: Ball
1-0: Ball
2-0: Called Strike
2-1: Fly out, F9 (Line Drive, 89S)
Top of the 3rd over - 0 run(s), 1 hit(s), 0 error(s), 1 left on base; Hialeah 7 - Corpus Christi 2
BOTTOM OF THE 3RD
Corpus Christi Twins batting - Pitching for Hialeah Dodos : RHP Ramón Vázquez
Batting: RHB Denis Taylor 0-0: Ball
1-0: Ball
2-0: Called Strike
2-1: Ball
3-1: SINGLE (Flyball, 9S)
Batting: RHB Gonzalo Núńez 0-0: Ball
1-0: Ball
2-0: Ball
3-0: Called Strike
3-1: Fielders Choice at 2nd, 6-4 (Groundball, 6)
Batting: LHB Juan Durán 0-0: 2-RUN HOME RUN (Flyball, 9D), Distance : 364 ft
Batting: RHB Júlio Santos 0-0: Foul Ball, location: 2F
0-1: Called Strike
0-2: Strikes out swinging
Batting: LHB Michael Smith 0-0: Ball
1-0: Ball
2-0: Called Strike
2-1: Foul Ball, location: 2F
2-2: Foul Ball, location: 2F
2-2: Fly out, F7 (Flyball, 7M)
Bottom of the 3rd over - 2 run(s), 2 hit(s), 0 error(s), 0 left on base; Hialeah 7 - Corpus Christi 4
TOP OF THE 4TH
Hialeah Dodos batting - Pitching for Corpus Christi Twins : RHP Benjamin Booth
Batting: LHB Motoshige Kitamura 0-0: Reached on error, E4 (Groundball, 4)
Batting: RHB Joe Andrews 0-0: Ball
1-0: Ball
Motoshige Kitamura steals 2nd base
2-0: SINGLE (Line Drive, 89S)
Motoshige Kitamura to third
Runner from 3rd tries for Home, throw and OUT!
Joe Andrews to second
Batting: LHB Bill Griffin 0-0: Ball
1-0: Called Strike
1-1: Ground out 3-1 (Groundball, 34S)
Joe Andrews to third
Batting: RHB Mitch Jensen 0-0: Foul Ball, location: 2F
0-1: Ball
1-1: Swinging Strike
1-2: Ground out 5-3 (Groundball, 5L)
Top of the 4th over - 0 run(s), 1 hit(s), 1 error(s), 1 left on base; Hialeah 7 - Corpus Christi 4
BOTTOM OF THE 4TH
Corpus Christi Twins batting - Pitching for Hialeah Dodos : RHP Ramón Vázquez
Batting: LHB Don Sullivan 0-0: Foul Ball, location: 2F
0-1: Ball
1-1: Swinging Strike
1-2: Ball
2-2: Foul Ball, location: 2F
2-2: Ball
3-2: Base on Balls
Batting: RHB Bill McCarty 0-0: Ball
Don Sullivan steals 2nd base
1-0: Ball
2-0: Ball
3-0: Called Strike
3-1: Base on Balls
Batting: LHB Curtis Peters 0-0: Ball
1-0: Called Strike
1-1: Swinging Strike
1-2: Fly out, F9 (Flyball, 89S)
Batting: RHB Daniel Cooper 0-0: Ball
1-0: Foul Ball, location: 2F
1-1: Foul Ball, location: 2F
1-2: Ball
2-2: Foul Ball, location: 2F
2-2: Strikes out looking
Batting: RHB Denis Taylor 0-0: Called Strike
0-1: SINGLE (Line Drive, 4D)
Don Sullivan to third
Bill McCarty to second
Runner from 3rd tries for Home, SAFE, no throw or cutoff
Pitching: RHP Claudio Cruz
Batting: RHB Gonzalo Núńez 0-0: Called Strike
0-1: Called Strike
0-2: Ball
1-2: Foul Ball, location: 2F
1-2: Ground out 1-3 (Groundball, 13)
Bottom of the 4th over - 1 run(s), 1 hit(s), 0 error(s), 2 left on base; Hialeah 7 - Corpus Christi 5
TOP OF THE 5TH
Hialeah Dodos batting - Pitching for Corpus Christi Twins : RHP Benjamin Booth
Batting: RHB Luis Trujillo 0-0: SINGLE (Line Drive, 56D)
Batting: RHB Ji-chol Yang 0-0: Foul Ball, location: 2F
0-1: Ball
1-1: Fly out, F8 (Flyball, 8LM)
Batting: RHB Reece White 0-0: Ball
1-0: Ball
2-0: Fly out, F8 (Flyball, 8LS)
Batting: RHB Kelly Flint 0-0: Ball
1-0: Ball
2-0: Reached on error, E5 (Groundball, 56)
Luis Trujillo to second
Batting: RHB Peter Baker 0-0: 3-RUN HOME RUN (Flyball, 7D), Distance : 394 ft
Batting: LHB Motoshige Kitamura 0-0: Swinging Strike
0-1: Ground out 4-3 (Groundball, 4MD)
Top of the 5th over - 3 run(s), 2 hit(s), 1 error(s), 0 left on base; Hialeah 10 - Corpus Christi 5
BOTTOM OF THE 5TH
Corpus Christi Twins batting - Pitching for Hialeah Dodos : RHP Claudio Cruz
Batting: LHB Juan Durán 0-0: Ball
1-0: Ground out 4-3 (Groundball, 4)
Now at 2B: Jorge Emiliani
Batting: RHB Júlio Santos 0-0: Foul Ball, location: 2F
0-1: SINGLE (Groundball, 6M)
Batting: LHB Michael Smith 0-0: Called Strike
0-1: Ball
1-1: Swinging Strike
1-2: Strikes out swinging
Batting: LHB Don Sullivan 0-0: Ball
1-0: Fly out, F8 (Flyball, 78S)
Bottom of the 5th over - 0 run(s), 1 hit(s), 0 error(s), 1 left on base; Hialeah 10 - Corpus Christi 5
TOP OF THE 6TH
Hialeah Dodos batting - Pitching for Corpus Christi Twins : RHP Benjamin Booth
Pitching: RHP Dan Riggs
Batting: RHB Joe Andrews 0-0: Ball
1-0: Ball
2-0: Called Strike
2-1: Swinging Strike
2-2: Foul Ball, location: 2F
2-2: Strikes out swinging
Batting: LHB Bill Griffin 0-0: Foul Ball, location: 2F
0-1: DOUBLE (Line Drive, 9LS)
Batting: RHB Mitch Jensen 0-0: Foul Ball, location: 2F
0-1: Ball
1-1: Ground out 5-3 (Groundball, 5L)
Batting: RHB Luis Trujillo 0-0: Ball
1-0: Ground out 6-3 (Groundball, 6)
Top of the 6th over - 0 run(s), 1 hit(s), 0 error(s), 1 left on base; Hialeah 10 - Corpus Christi 5
BOTTOM OF THE 6TH
Corpus Christi Twins batting - Pitching for Hialeah Dodos : RHP Claudio Cruz
Batting: RHB Bill McCarty 0-0: Ball
1-0: Called Strike
1-1: Ball
2-1: Fly out, F8 (Flyball, 8LD)
Batting: LHB Curtis Peters 0-0: Swinging Strike
0-1: Ground out 6-3 (Groundball, 6)
Batting: RHB Daniel Cooper 0-0: Called Strike
0-1: Ball
1-1: Fly out, F9 (Flyball, 9S)
Bottom of the 6th over - 0 run(s), 0 hit(s), 0 error(s), 0 left on base; Hialeah 10 - Corpus Christi 5
TOP OF THE 7TH
Hialeah Dodos batting - Pitching for Corpus Christi Twins : RHP Dan Riggs
Batting: RHB Ji-chol Yang 0-0: Ball
1-0: Ball
2-0: Called Strike
2-1: Ground out 4-3 (Groundball, 4)
Batting: RHB Reece White 0-0: Ball
1-0: Called Strike
1-1: Ball
2-1: Ball
3-1: Ground out 1-3 (Groundball, 13S)
Batting: RHB Kelly Flint 0-0: Called Strike
0-1: SOLO HOME RUN (Flyball, 7LD), Distance : 341 ft
Batting: RHB Jorge Emiliani 0-0: Foul Ball, location: 2F
0-1: SINGLE (Groundball, 4M)
Batting: LHB Motoshige Kitamura 0-0: 2-RUN HOME RUN (Flyball, 9D), Distance : 378 ft
Pitching: LHP Eugene Baker
Batting: RHB Joe Andrews 0-0: Called Strike
0-1: Called Strike
0-2: Ball
1-2: Foul Ball, location: 2F
1-2: Strikes out swinging
Top of the 7th over - 3 run(s), 3 hit(s), 0 error(s), 0 left on base; Hialeah 13 - Corpus Christi 5
BOTTOM OF THE 7TH
Corpus Christi Twins batting - Pitching for Hialeah Dodos : RHP Claudio Cruz
Pitching: RHP Carlos Martínez
Now at SS: Brian King
Batting: RHB Denis Taylor 0-0: Ball
1-0: Swinging Strike
1-1: Ground out 5-3 (Groundball, 5)
Batting: RHB Gonzalo Núńez 0-0: Fly out, F8 (Flyball, 8RD)
Batting: LHB Juan Durán 0-0: Swinging Strike
0-1: Ball
1-1: Ball
2-1: Fly out, F8 (Flyball, 78M)
Bottom of the 7th over - 0 run(s), 0 hit(s), 0 error(s), 0 left on base; Hialeah 13 - Corpus Christi 5
TOP OF THE 8TH
Hialeah Dodos batting - Pitching for Corpus Christi Twins : LHP Eugene Baker
Batting: LHB Bill Griffin 0-0: Ball
1-0: Ball
2-0: Ball
3-0: Called Strike
3-1: Base on Balls
Batting: RHB Brian King 0-0: Called Strike
0-1: Ball
1-1: Reached on error, E2 (Groundball, 25)
Bill Griffin to third
Batting: RHB Luis Trujillo 0-0: Ball
1-0: Ball
2-0: Called Strike
2-1: Ball
3-1: Foul Ball, location: 2F
3-2: Foul Ball, location: 2F
3-2: Base on Balls
Batting: RHB Ji-chol Yang 0-0: Called Strike
0-1: Grounds into double play, 6-4-3 (Groundball, 6)
Bill Griffin scores
Brian King to third
Batting: RHB Reece White 0-0: Called Strike
0-1: Ball
Steal of home, Brian King is out
Top of the 8th over - 1 run(s), 0 hit(s), 1 error(s), 0 left on base; Hialeah 14 - Corpus Christi 5
BOTTOM OF THE 8TH
Corpus Christi Twins batting - Pitching for Hialeah Dodos : RHP Carlos Martínez
Batting: RHB Júlio Santos 0-0: Fly out, F8 (Flyball, 8RM)
Pinch Hitting: RHB Carlos Santos 0-0: Ball
1-0: Fly out, F9 (Line Drive, 9M)
Batting: LHB Don Sullivan 0-0: SOLO HOME RUN (Flyball, 8LXD), Distance : 445 ft
Batting: RHB Bill McCarty 0-0: Foul Ball, location: 2F
0-1: Ball
1-1: Foul Ball, location: 2F
1-2: Ball
2-2: Strikes out looking
Bottom of the 8th over - 1 run(s), 1 hit(s), 0 error(s), 0 left on base; Hialeah 14 - Corpus Christi 6
TOP OF THE 9TH
Hialeah Dodos batting - Pitching for Corpus Christi Twins : LHP Eugene Baker
Now at 1B: Carlos Santos
Batting: RHB Reece White 0-0: Foul Ball, location: 2F
0-1: Foul Ball, location: 2F
0-2: Ball
1-2: Strikes out swinging
Batting: RHB Kelly Flint 0-0: Swinging Strike
0-1: Foul Ball, location: 2F
0-2: Foul Ball, location: 2F
0-2: Foul Ball, location: 2F
0-2: Ball
1-2: Fly out, F9 (Popup, 34D)
Batting: RHB Jorge Emiliani 0-0: Ball
1-0: Called Strike
1-1: Foul Ball, location: 2F
1-2: SINGLE (Line Drive, 34D)
Batting: LHB Motoshige Kitamura 0-0: Ball
1-0: Ball
2-0: Foul Ball, location: 2F
2-1: Fly out, F9 (Line Drive, 9S)
Top of the 9th over - 0 run(s), 1 hit(s), 0 error(s), 1 left on base; Hialeah 14 - Corpus Christi 6
BOTTOM OF THE 9TH
Corpus Christi Twins batting - Pitching for Hialeah Dodos : RHP Carlos Martínez
Batting: LHB Curtis Peters 0-0: Swinging Strike
0-1: Called Strike
0-2: Ball
1-2: Ball
2-2: Strikes out looking
Batting: RHB Daniel Cooper 0-0: Ball
1-0: Ball
2-0: Ground out 5-3 (Groundball, 56S)
Batting: RHB Denis Taylor 0-0: Swinging Strike
0-1: Foul Ball, location: 2F
0-2: Strikes out looking
Bottom of the 9th over - 0 run(s), 0 hit(s), 0 error(s), 0 left on base; Hialeah 14 - Corpus Christi 6
This league is powered by Out of the Park Baseball, the baseball management simulation game for PC, Mac and Linux
Monday, May 4th, 2015 - OOTP Baseball 15.6 Build 34